 Dungeon Crawl Stone Soup version 0.31-a0-237-g2d982f9f85 (webtiles) character file.

Game seed: 8016914371955541391

11917 qw the Skirmisher (level 11, -4/72 HPs)
             Began as a Gargoyle Hexslinger on July 11, 2023.
             Was an Elder of Okawaru.
             Slain by a yak (5 damage)
             ... on level 2 of the Lair of Beasts.
             The game lasted 00:04:29 (9029 turns).

qw the Skirmisher (Gargoyle Hexslinger)             Turns: 9029, Time: 00:04:30

Health: -4/72      AC: 19    Str: 11    XL:     11   Next: 85%
Magic:  15/15      EV: 16    Int: 15    God:    Okawaru [****..]
Gold:   658        SH:  0    Dex: 16    Spells: 11/12 levels left

rFire   . . .        s - +0 orcbow
rCold   . . .        (shield currently unavailable)
rNeg    + . .        t - +0 troll leather armour
rPois   inf          (helmet restricted)
rElec   +            d - +1 cloak
rCorr   .            k - +2 pair of gloves
SInv    +            (no boots)
Will    +....        j - amulet of faith
Stlth   +++          b - ring "Cial" {Will+ Slay+2}
HPRegen 1.12/turn    p - ring of see invisible
MPRegen 0.14/turn

%: faith
@: about to teleport, heroic
A: sickness immunity, AC +8, negative energy resistance 1, electricity
resistance, torment resistance 1, petrification resistance, horns 1, passive
freeze
a: Renounce Religion, Heroism, Finesse


You were on level 2 of the Lair of Beasts.
You worshipped Okawaru.
Okawaru was greatly pleased with you.
You visited 3 branches of the dungeon, and saw 12 of its levels.

You collected 868 gold pieces.
You spent 210 gold pieces at shops.


Innate Abilities, Weirdness & Mutations

You are immune to sickness and miasma.
Your stone body is resilient. (AC +8)
You are immune to poison.
You resist negative energy. (rN+)
You are resistant to electric shocks. (rElec)
You are resistant to unholy torment.
You are immune to petrification.
You have a pair of small horns on your head.
A frigid envelope surrounds you and freezes all who hurt you.


   Skills:
 + Level 9.6(14.6) Fighting
 - Level 14.0(19.0) Ranged Weapons
 - Level 4.2(9.2) Armour
 - Level 4.1(9.1) Dodging
 - Level 1.0 Spellcasting
 - Level 2.6 Hexes
 + Level 6.3 Invocations


You had 11 spell levels left.
You knew the following spells:

 Your Spells              Type           Power      Damage    Failure   Level
a - Slow                  Hex            32%        N/A       10%         1

Your spell library contained the following spells:

 Spells                   Type           Power      Damage    Failure   Level
 Inner Flame              Hex/Fire       4%         N/A       45%         3
 Portal Projectile        Hex/Tloc       8%         N/A       45%         3
 Cause Fear               Hex            4%         N/A       69%         4

Inventory:

Hand Weapons
 s - a +0 orcbow (weapon)
Armour
 d - a +1 cloak (worn)
 k - a +2 pair of gloves (worn)
 t - a +0 troll leather armour (worn)
Jewellery
 b - the ring "Cial" (left hand) {Will+ Slay+2}
   (You found it on level 9 of the Dungeon)

   [ring of willpower]

   Slay:      It affects your accuracy & damage with ranged weapons and melee
   (+2).
   Will:      It increases your willpower.
 f - a ring of protection from fire
 j - an amulet of faith (around neck)
 l - a ring of resist corrosion
 p - a ring of see invisible (right hand)
 Y - a ring of protection from fire
Scrolls
 i - a scroll of identify
Potions
 a - 3 potions of haste
 g - a potion of might
 h - a potion of mutation
 m - 4 potions of curing
 n - a potion of resistance
 q - 2 potions of enlightenment

Dungeon Overview and Level Annotations

Branches:
Dungeon (9/15)             Temple (1/1) D:7            Lair (2/5) D:9
 Shoals (0/4) Lair:2
  Snake: Lair:2-3    Spider: Lair:2-3       Orc: D:9-12

Altars:
Ashenzari
Cheibriados
Dithmenos
Elyvilon
Fedhas
Gozag
Hepliaklqana
Kikubaaqudgha
Makhleb
Nemelex Xobeh
Okawaru
Qazlal
Ru
Sif Muna
Uskayaw
Vehumet
Wu Jian
Xom
Yredelemnul
Zin
The Shining One

Shops:
D:2 [   D:6 ?

Portals:
Abyss: D:4
Ice
Cave: Lair:1

Annotations:
D:4 2 transporters, qw's ghost, amateur MiHs


Message History

The death yak is heavily wounded.
You shoot an arrow. The arrow barely misses the death yak.
The arrow barely misses the yak.
The arrow hits the cane toad!!
The cane toad is heavily wounded.
The death yak gores you but does no damage.
The death yak is very cold.
The death yak is severely wounded.
The yak gores the plant.
The yak gores you but does no damage.
The yak is very cold.
The yak is heavily wounded.
You shoot an arrow. The arrow hits the death yak!
The death yak is almost dead.
A nearby plant withers and dies.
The blink frog barely misses you.
The death yak gores you but does no damage.
The death yak is very cold.
The death yak is almost dead.
The yak misses you. The yak gores you!
The blink frog blinks!
9027 ||| READING scroll of teleportation.
As you read the scroll of teleportation, it crumbles to dust.
You feel strangely unstable. The blink frog closely misses you.
The blink frog blinks!
The yak gores you.
The yak is very cold.
The yak is moderately wounded.
The yak gores you!
The yak is very cold.
The yak is severely wounded.
9028 ||| DRINKING potion of heal wounds.
You feel much better. The blink frog hits you!
The blink frog is very cold.
The blink frog seems to slow down.
The blink frog is lightly wounded.
The yak barely misses you. The yak gores you but does no damage.
The yak barely misses you. The blink frog barely misses you.
You shoot an arrow.
The arrow completely misses the death yak.
The blink frog blinks!
The death yak gores you!!
The death yak is very cold.
The death yak is almost dead.
The yak gores you.
The yak is very cold.
The yak is lightly wounded.
The yak gores you.
You die...

............<.......
....P.###.##P.....P...#
#...............#.....
..+...............#F....
............P......./..
..#.###.#...P......#.#..
.P #.###..P...........
.. #####..#..(YY.#..P#
####.).#...@FY.ยค...
##.......##.YYFP..P.
###~......~~###.%#..P.
###~~~~.....~~~~###.....
#~~~~~~#####~~~~~~##..P.
~~~>~~## ##~~~~~~#....
~~~~~## ##~~~~~# ...
#~~~## ##~~~## #. ####
####


You could see a death yak, 4 yaks, a cane toad and 2 blink frogs.

Vanquished Creatures
  Harold (D:9)
  2 death yaks (Lair:2)
  A merfolk siren (Lair:2)
  3 komodo dragons (Lair:1)
  2 trolls (D:9)
  A blink frog (Lair:2)
  A wyvern (D:9)
  2 steam dragons
  2 basilisks (Lair:1)
  18 yaks
  4 water moccasins
  2 sky beasts (D:6)
  3 orc warriors
  4 ice beasts
  3 black bears
  An ogre (D:6)
  3 wolves (Lair:1)
  2 centaurs
  4 phantoms
  3 kobold brigands
  Blork the orc (D:4)
  5 bullfrogs
  A gnoll sergeant (D:7)
  9 scorpions
  12 wights
  A killer bee (D:9)
  2 howler monkeys (D:9)
  5 jellies
  7 hounds
  4 orc priests
  A sleepcap (D:8)
  Jessica (D:3)
  4 iguanas
  4 orc wizards
  3 gnolls (D:7)
  7 adders
  8 white imps
  2 ufetubi
  2 worms
  2 dart slugs (D:1)
  35 orcs
  4 ball pythons
  A bat (D:3)
  6 endoplasms
  A giant cockroach (D:1)
  8 hobgoblins
  3 jackals (D:5)
  23 kobolds
  4 quokkas
  8 frilled lizards
  4 goblins
  3 rats
243 creatures vanquished.

Notes
Turn   | Place    | Note
-------+----------+-------------------------------------------
     0 | D:1      | qw the Gargoyle Hexslinger began the quest for the Orb.
     0 | D:1      | Reached XP level 1. HP: 12/12 MP: 2/2
     0 | D:1      | 0 ||| qw: Version: 0.3-a-52-g30416fa
     0 | D:1      | 0 ||| qw: Game counter: 5624
     0 | D:1      | 0 ||| qw: Melee chars always use a shield: true
     0 | D:1      | 0 ||| qw: God list: Okawaru
     0 | D:1      | 0 ||| qw: Allow faded altars: false
     0 | D:1      | 0 ||| qw: Do Orc after clearing Dungeon:15 true
     0 | D:1      | 0 ||| qw: Do second Lair branch before Depths: true
     0 | D:1      | 0 ||| qw: Lair rune preference: random
     0 | D:1      | 0 ||| qw: Goals: Normal
     0 | D:1      | 0 ||| PLANNING D:1-11
   246 | D:1      | Reached XP level 2. HP: 16/16 MP: 3/3
   433 | D:1      | Reached skill level 3 in Ranged Weapons
   512 | D:1      | 512 ||| FLEEEEING.
   513 | D:1      | 513 ||| FLEEEEING.
   514 | D:1      | 514 ||| FLEEEEING.
   517 | D:1      | 517 ||| FLEEEEING.
   518 | D:1      | 518 ||| FLEEEEING.
   707 | D:1      | Reached XP level 3. HP: 21/21 MP: 4/4
   908 | D:1      | 908 ||| UPGRADING to amulet of faith.
   913 | D:1      | 913 ||| READING scroll labelled OGOYWERCHU VOCE.
   914 | D:1      | 914 ||| READING 3 scrolls labelled LOJOBLONEA.
   915 | D:1      | 915 ||| READING scroll labelled KIBIEFA SUUTZ.
   916 | D:1      | 916 ||| DROPPING scroll of poison.
   917 | D:1      | 917 ||| DROPPING 2 scrolls of fear.
  1521 | D:2      | Found Abenn's Armour Shoppe.
  1547 | D:2      | 1547 ||| UPGRADING to +0 leather armour.
  1557 | D:2      | 1557 ||| DROPPING +0 robe.
  1558 | D:2      | 1558 ||| UPGRADING to +0 ring mail.
  1568 | D:2      | 1568 ||| DROPPING +0 leather armour.
  1569 | D:2      | 1569 ||| UPGRADING to ring of resist corrosion.
  1570 | D:2      | 1570 ||| READING scroll labelled BYTUSOZAEKOEF.
  1571 | D:2      | 1571 ||| READING scroll labelled NIARER TAUSA.
  1576 | D:2      | 1576 ||| DRINKING 2 golden potions.
  1577 | D:2      | 1577 ||| DRINKING 2 ruby potions.
  1578 | D:2      | 1578 ||| READING 2 scrolls of identify.
  1578 | D:2      | 1578 ||| IDENTIFYING black potion
  1579 | D:2      | 1579 ||| DROPPING potion of magic.
  1590 | D:3      | 1590 ||| STAIRDANCE
  1596 | D:2      | HP: 5/21 [kobold/+0 club (3)]
  1597 | D:2      | 1597 ||| DRINKING potion of heal wounds.
  1697 | D:3      | Noticed Jessica
  1701 | D:3      | Killed Jessica
  1702 | D:3      | Reached skill level 4 in Ranged Weapons
  1702 | D:3      | Reached XP level 4. HP: 21/26 MP: 5/5
  1853 | D:3      | Reached skill level 1 in Armour
  2023 | D:3      | Noticed a scorpion
  2048 | D:3      | HP: 3/26 [scorpion (6)]
  2049 | D:3      | 2049 ||| READING scroll of teleportation.
  2050 | D:3      | 2050 ||| DRINKING potion of heal wounds.
  2383 | D:3      | Killed a scorpion
  2384 | D:3      | Reached skill level 5 in Ranged Weapons
  2384 | D:3      | Reached XP level 5. HP: 22/30 MP: 6/6
  2485 | D:3      | 2485 ||| DRINKING 3 green potions.
  2486 | D:3      | 2486 ||| DROPPING 2 potions of attraction.
  2555 | D:4      | Found a transporter.
  2626 | D:4      | HP: 4/30 [scorpion (5)]
  2629 | D:4      | Reached skill level 3 in Fighting
  2629 | D:4      | Reached XP level 6. HP: 5/37 MP: 7/7
  2776 | D:4      | Found a sacrificial altar of Ru.
  2799 | D:4      | 2799 ||| FLEEEEING.
  2800 | D:4      | 2800 ||| FLEEEEING.
  2801 | D:4      | 2801 ||| FLEEEEING.
  2802 | D:4      | 2802 ||| FLEEEEING.
  2804 | D:4      | 2804 ||| FLEEEEING.
  2805 | D:4      | 2805 ||| FLEEEEING.
  2806 | D:4      | 2806 ||| FLEEEEING.
  2807 | D:4      | 2807 ||| FLEEEEING.
  2808 | D:4      | 2808 ||| FLEEEEING.
  2809 | D:4      | 2809 ||| FLEEEEING.
  2810 | D:4      | 2810 ||| FLEEEEING.
  2811 | D:4      | 2811 ||| FLEEEEING.
  2842 | D:4      | Noticed Blork the orc
  2853 | D:4      | HP: 6/37 [Blork the orc/+2 flail of draining (8)]
  2854 | D:4      | Killed Blork the orc
  2862 | D:4      | HP: 6/37 [phantom (2)]
  2864 | D:4      | Reached skill level 6 in Ranged Weapons
  3118 | D:4      | Found an ornate altar of the Wu Jian Council.
  3143 | D:4      | Noticed a small abomination
  3149 | D:4      | Noticed qw's ghost (amateur MiHs)
  3202 | D:4      | Found a one-way gate to the infinite horrors of the Abyss.
  3219 | D:4      | Found a transporter.
  3349 | D:4      | 3349 ||| UPGRADING to +0 cloak.
  3354 | D:4      | 3354 ||| DRINKING 2 cyan potions.
  3355 | D:4      | 3355 ||| DRINKING 2 white potions.
  3394 | D:4      | 3394 ||| READING 2 scrolls of identify.
  3394 | D:4      | 3394 ||| IDENTIFYING orange potion
  3395 | D:4      | 3395 ||| DROPPING potion of degeneration.
  3396 | D:4      | 3396 ||| DROPPING potion of lignification.
  3418 | D:5      | Entered Level 5 of the Dungeon
  3431 | D:5      | Reached XP level 7. HP: 41/42 MP: 8/8
  3468 | D:5      | 3468 ||| FLEEEEING.
  3470 | D:5      | 3470 ||| FLEEEEING.
  3471 | D:5      | 3471 ||| FLEEEEING.
  3472 | D:5      | 3472 ||| STAIRDANCE
  3508 | D:5      | 3508 ||| STAIRDANCE
  3686 | D:5      | HP: 11/44 [ufetubus (2)]
  3687 | D:5      | 3687 ||| READING 2 scrolls of teleportation.
  3694 | D:5      | 3694 ||| FLEEEEING.
  3695 | D:5      | 3695 ||| FLEEEEING.
  3698 | D:5      | 3698 ||| FLEEEEING.
  3699 | D:5      | 3699 ||| FLEEEEING.
  3700 | D:5      | 3700 ||| STAIRDANCE
  3808 | D:4      | 3808 ||| UPGRADING to ring of protection from fire.
  3809 | D:4      | 3809 ||| READING scroll labelled ZUNGETAUKU.
  3809 | D:4      | Identified a scroll of acquirement
  3809 | D:4      | 3809 ||| ACQUIRING +6 sling of flaming
  3809 | D:4      | Acquired a +6 sling of flaming
  3811 | D:4      | 3811 ||| SWAPPING to +6 sling of flaming.
  3812 | D:4      | 3812 ||| DROPPING +2 sling.
  3819 | D:5      | Reached skill level 7 in Ranged Weapons
  3894 | D:5      | Reached XP level 8. HP: 48/48 MP: 9/9
  3915 | D:5      | 3915 ||| Stepping ~*~*~tactically~*~*~ (outnumbered).
  3917 | D:5      | 3917 ||| Stepping ~*~*~tactically~*~*~ (outnumbered).
  3920 | D:5      | 3920 ||| DRINKING 2 potions of curing.
  3920 | D:5      | 3920 ||| (to cure confusion)
  3922 | D:5      | Reached skill level 8 in Ranged Weapons
  4177 | D:5      | 4177 ||| UPGRADING to +0 pair of gloves.
  4182 | D:5      | 4182 ||| READING scroll labelled XARRUE QIGIOT.
  4183 | D:5      | 4183 ||| READING 2 scrolls of identify.
  4183 | D:5      | 4183 ||| IDENTIFYING fizzy white potion
  4219 | D:6      | Found Ymurr's Magic Scroll Shop.
  4226 | D:6      | 4226 ||| BUYING scroll of enchant armour (105 gold).
  4226 | D:6      | Bought a scroll of enchant armour for 105 gold pieces
  4226 | D:6      | 4226 ||| BUYING scroll of enchant weapon (105 gold).
  4226 | D:6      | Bought a scroll of enchant weapon for 105 gold pieces
  4226 | D:6      | 4226 ||| SHOPLISTING scroll of identify (28 gold, have 24).
  4226 | D:6      | 4226 ||| SHOPLISTING scroll of teleportation (42 gold, have
                  | 24).
  4226 | D:6      | 4226 ||| READING scroll of enchant armour.
  4226 | D:6      | 4226 ||| ENCHANTING +0 pair of gloves.
  4227 | D:6      | 4227 ||| READING scroll of enchant weapon.
  4227 | D:6      | 4227 ||| ENCHANTING +6 sling of flaming.
  4452 | D:6      | 4452 ||| Stepping ~*~*~tactically~*~*~ (outnumbered).
  4454 | D:6      | 4454 ||| Stepping ~*~*~tactically~*~*~ (outnumbered).
  4462 | D:6      | Reached skill level 9 in Ranged Weapons
  4520 | D:6      | Found a radiant altar of Vehumet.
  4656 | D:6      | Reached skill level 6 in Fighting
  4858 | D:6      | 4858 ||| READING 2 scrolls of enchant armour.
  4858 | D:6      | 4858 ||| ENCHANTING +1 pair of gloves.
  4859 | D:6      | 4859 ||| READING scroll of enchant armour.
  4859 | D:6      | 4859 ||| ENCHANTING +0 cloak.
  5008 | D:6      | Reached XP level 9. HP: 53/55 MP: 10/10
  5136 | D:6      | Reached skill level 10 in Ranged Weapons
  5173 | D:6      | Reached skill level 3 in Armour
  5244 | D:6      | 5244 ||| UPGRADING to +2 ring mail of willpower.
  5254 | D:6      | 5254 ||| DROPPING +0 ring mail.
  5255 | D:6      | 5255 ||| UPGRADING to ring of protection from fire.
  5257 | D:6      | 5257 ||| UPGRADING to ring of see invisible.
  5259 | D:6      | 5259 ||| READING scroll labelled NATTYN LUST.
  5260 | D:6      | 5260 ||| DRINKING 2 silvery potions.
  5260 | D:6      | Gained mutation: A frigid envelope surrounds you and
                  | freezes all who hurt you. [potion of mutation]
  5260 | D:6      | Gained mutation: You have a pair of small horns on your
                  | head. [potion of mutation]
  5261 | D:6      | 5261 ||| READING 3 scrolls of identify.
  5261 | D:6      | 5261 ||| IDENTIFYING sedimented purple potion
  5262 | D:6      | 5262 ||| READING 2 scrolls of identify.
  5262 | D:6      | 5262 ||| IDENTIFYING grey potion
  5263 | D:6      | 5263 ||| DROPPING potion of ambrosia.
  5371 | D:7      | Found a staircase to the Ecumenical Temple.
  5372 | D:7      | 5372 ||| PLANNING TEMPLE
  5384 | Temple   | Entered the Ecumenical Temple
  5385 | Temple   | 5385 ||| PLANNING OKAWARU WORSHIP
  5391 | Temple   | Became a worshipper of Warmaster Okawaru
  5392 | Temple   | 5392 ||| PLANNING D:1-11
  5405 | D:7      | 5405 ||| SWAPPING to +0 orcbow.
  5406 | D:7      | 5406 ||| DROPPING +7 sling of flaming.
  5413 | D:7      | Found a snail-covered altar of Cheibriados.
  5427 | D:7      | Reached skill level 11 in Ranged Weapons
  5986 | D:7      | 5986 ||| Stepping ~*~*~tactically~*~*~ (outnumbered).
  5992 | D:7      | Reached XP level 10. HP: 64/64 MP: 11/11
  5994 | D:7      | 5994 ||| Stepping ~*~*~tactically~*~*~ (outnumbered).
  6191 | D:7      | 6191 ||| DROPPING ring of wizardry.
  6192 | D:7      | 6192 ||| READING 2 scrolls of identify.
  6192 | D:7      | 6192 ||| IDENTIFYING murky red potion
  6270 | D:8      | Reached skill level 3 in Dodging
  6281 | D:8      | Reached * piety under Okawaru
  6319 | D:8      | Reached skill level 1 in Invocations
  6421 | D:8      | 6421 ||| INVOKING Heroism.
  6758 | D:8      | 6758 ||| INVOKING Heroism.
  6909 | D:8      | 6909 ||| READING scroll labelled TUSTOX UCZUCLU.
  6910 | D:8      | 6910 ||| READING scroll labelled BUYCILU DAIVOM.
  6932 | D:9      | Reached skill level 3 in Invocations
  6936 | D:9      | 6936 ||| INVOKING Heroism.
  6969 | D:9      | Identified the ring "Cial" {Will+ Slay+2}
  7053 | D:9      | Noticed Harold
  7054 | D:9      | 7054 ||| INVOKING Heroism.
  7069 | D:9      | Killed Harold
  7279 | D:9      | Reached ** piety under Okawaru
  7280 | D:9      | Reached skill level 12 in Ranged Weapons
  7400 | D:9      | 7400 ||| INVOKING Heroism.
  7450 | D:9      | 7450 ||| INVOKING Heroism.
  7509 | D:9      | Identified the +7 short sword of Dori {heavy, MP-9 Str+4
                  | Int+5}
  7644 | D:9      | Found a staircase to the Lair.
  7645 | D:9      | 7645 ||| INVOKING Heroism.
  7754 | D:9      | Found an ancient bone altar of Kikubaaqudgha.
  7843 | D:9      | 7843 ||| INVOKING Heroism.
  7866 | D:9      | Reached skill level 13 in Ranged Weapons
  7874 | D:9      | Reached XP level 11. HP: 34/68 MP: 14/14
  8024 | D:9      | 8024 ||| UPGRADING to +0 troll leather armour.
  8034 | D:9      | 8034 ||| DROPPING +2 ring mail of willpower.
  8060 | D:9      | Found a sparkling altar of Nemelex Xobeh.
  8087 | D:9      | 8087 ||| INVOKING Heroism.
  8162 | D:9      | 8162 ||| PLANNING LAIR
  8162 | D:9      | 8162 ||| UPGRADING to ring "Cial" {Will+ Slay+2}.
  8164 | D:9      | 8164 ||| READING 2 scrolls of identify.
  8164 | D:9      | 8164 ||| IDENTIFYING fuming amethyst potion
  8165 | D:9      | 8165 ||| DROPPING potion of invisibility.
  8216 | Lair:1   | Entered Level 1 of the Lair of Beasts
  8263 | Lair:1   | 8263 ||| FLEEEEING.
  8264 | Lair:1   | 8264 ||| FLEEEEING.
  8265 | Lair:1   | 8265 ||| FLEEEEING.
  8266 | Lair:1   | 8266 ||| FLEEEEING.
  8281 | Lair:1   | 8281 ||| INVOKING Heroism.
  8287 | Lair:1   | HP: 15/69 [yak (4)]
  8288 | Lair:1   | Reached skill level 9 in Fighting
  8288 | Lair:1   | 8288 ||| READING 2 scrolls of teleportation.
  8289 | Lair:1   | 8289 ||| DRINKING 2 potions of heal wounds.
  8308 | Lair:1   | 8308 ||| INVOKING Heroism.
  8383 | Lair:1   | Found a frozen archway.
  8408 | Lair:1   | 8408 ||| INVOKING Heroism.
  8423 | Lair:1   | Reached *** piety under Okawaru
  8434 | Lair:1   | 8434 ||| INVOKING Heroism.
  8462 | Lair:1   | Reached **** piety under Okawaru
  8480 | Lair:1   | Received a gift from Okawaru
  8950 | Lair:2   | Reached skill level 14 in Ranged Weapons
  8963 | Lair:2   | Found a staircase to the Shoals.
  8994 | Lair:2   | 8994 ||| INVOKING Heroism.
  8997 | Lair:2   | Noticed a death yak
  9001 | Lair:2   | Noticed a death yak
  9004 | Lair:2   | Noticed a death yak
  9009 | Lair:2   | Killed a death yak
  9022 | Lair:2   | Killed a death yak
  9023 | Lair:2   | Reached skill level 6 in Invocations
  9026 | Lair:2   | HP: 17/72 [yak (9)]
  9027 | Lair:2   | 9027 ||| READING scroll of teleportation.
  9027 | Lair:2   | HP: 6/72 [yak (11)]
  9028 | Lair:2   | 9028 ||| DRINKING potion of heal wounds.
  9029 | Lair:2   | HP: 1/72 [yak (4)]
  9029 | Lair:2   | Slain by a yak

Levels and vault maps discovered:
D:1:      dpeg_arrival_line_fractal, layout_basic
D:2:      layout_basic, serial_shops, shop
D:3:      layout_basic, dreamdust_wishing_well, uniq_jessica
D:4:      layout_cave_pools, mainiacjoe_overflow_catwalk,
          nzn_wu_jian_contemplation, gammafunk_ghost_abyssal_escape,
          minmay_quantized, uniq_blork_the_orc
D:5:      layout_rooms
D:6:      minmay_polygon_palace, layout_basic, nicolae_vehumet_radiance,
          serial_shops, shop, minmay_manual_moon
D:7:      layout_basic, nicolae_overflow_crystal_walls,
          minmay_temple_entry_wispy, serial_rivers,
          chequers_serial_rivers_room_a, chequers_serial_rivers_small_3,
          chequers_serial_rivers_micro_d, chequers_serial_rivers_marsh,
          chequers_serial_rivers_micro_a
D:8:      layout_basic
D:9:      layout_loops_corners, nemelex_spade_bored_becter,
          kennysheep_little_box, grunt_lair_entry_orc_guard_hut,
          grunt_tough_drop, uniq_harold
Temple:   nicolae_temple_no_exploring_needed
Lair:1:   layout_roguey, portal_ice_cave_entry_pillars_2, serial_bayou_shore_b,
          grunt_megastairs_2, lemuel_fruit_tree
Lair:2:   layout_chaotic_city, minmay_shoals_entry_lonely_mermaid

Skill      XL: |  1  2  3  4  5  6  7  8  9 10 11 |
---------------+----------------------------------+-----
Ranged Weapons | 3 4 5 6 7 9 11 13 14 | 14.0
Fighting       | 2 3 4 6 8 9 |  9.6
Armour         | 1 2 3 4 |  4.2
Dodging        | 2 3 4 |  4.1
Invocations    | 4 6 |  6.3
Spellcasting   | |  1.0
Hexes          | |  2.6

Action                     |  1- 3 |  4- 6 |  7- 9 | 10-12 || total
---------------------------+-------+-------+-------+-------++-------
   Fire: Sling             |   108 |   187 |   320 |       ||   615
         Orcbow            |       |       |    81 |   392 ||   473
 Invoke: Heroism           |       |       |       |    14 ||    14
    Use: Scroll            |     6 |     2 |    11 |     6 ||    25
         Potion            |     3 |     4 |     2 |     2 ||    11
 Armour: Robe              |     4 |       |       |       ||     4
         Ring mail         |    29 |    98 |   121 |    44 ||   292
         Troll leather arm |       |       |       |    42 ||    42
  Dodge: Dodged            |    33 |    94 |   133 |   131 ||   391

Table legend:
 A = Non-vault XP
 B = Vault XP
 C = Vault XP percentage of total XP
 D = Non-vault monster count
 E = Vault monster count
 F = Vault count percentage of total count
                 A         B        C        D         E       F
            +---------+---------+-------+---------+---------+-------
      Total |   12488 |    4537 |  26.6 |     200 |      43 |  17.7
            +---------+---------+-------+---------+---------+-------
        D:1 |      37 |       0 |   0.0 |      22 |       0 |   0.0
        D:2 |      34 |       0 |   0.0 |      16 |       0 |   0.0
        D:3 |     139 |      37 |  21.0 |      15 |       1 |   6.2
        D:4 |     300 |     106 |  26.1 |      12 |       4 |  25.0
        D:5 |     901 |       0 |   0.0 |      25 |       0 |   0.0
        D:6 |     744 |    1099 |  59.6 |      28 |      22 |  44.0
        D:7 |    1319 |       0 |   0.0 |      27 |       0 |   0.0
        D:8 |    1145 |       0 |   0.0 |      17 |       0 |   0.0
        D:9 |    2091 |    1650 |  44.1 |      15 |       9 |  37.5
     Lair:1 |    3902 |    1171 |  23.1 |      20 |       6 |  23.1
     Lair:2 |    1876 |     474 |  20.2 |       3 |       1 |  25.0
            +---------+---------+-------+---------+---------+-------
